 Dungeon Crawl Stone Soup version 0.29-a0-998-g1987434951 (webtiles) character file.

Game seed: 4370796575799231263

940 vurker the Insei (level 8, 0/42 HPs)
             Began as a Vine Stalker Enchanter on Aug 5, 2022.
             Slain by a gnoll
             ... wielding a +0 club
             ... led by a gnoll bouda
              (4 damage)
             ... on level 3 of the Dungeon.
             The game lasted 00:05:26 (3792 turns).

vurker the Insei (Vine Stalker Enchanter)           Turns: 3792, Time: 00:05:27

Health: 0/42       AC:  4    Str: 13    XL:     8   Next: 12%
Magic:  0/12       EV: 12    Int: 15    God:
Gold:   123        SH:  0    Dex: 15    Spells: 11/11 levels left

rFire   . . .      SeeInvis .   a - +1 dagger
rCold   + . .      Faith    .   (no shield)
rNeg    . . .      Spirit   +   b - +0 robe
rPois   .          Reflect  .   m - +0 helmet
rElec   .          Harm     .   (no cloak)
rCorr   .          Rampage  .   d - +0 pair of gloves
Will    +....                   (no boots)
Stlth   ++........              (no amulet)
HPRegen 0.94/turn               f - ring of protection from cold
MPRegen 0.13/turn               (no ring)

@: no status effects
A: fangs 3, regeneration 1, magic shield, antimagic bite, no potion heal 2
a: no special abilities


You were on level 3 of the Dungeon.
You visited 1 branch of the dungeon, and saw 4 of its levels.

You collected 123 gold pieces.

Inventory:

Hand Weapons
 a - a +1 dagger (weapon)
Armour
 b - a +0 robe (worn)
 d - a +0 pair of gloves (worn)
   (You found it on level 1 of the Dungeon)
 m - a +0 helmet (worn)
   (You found it on level 2 of the Dungeon)
Jewellery
 f - a ring of protection from cold (left hand)
   (You found it on level 1 of the Dungeon)
Scrolls
 g - a scroll of noise {unknown}
 i - a scroll of identify
 k - a scroll of enchant armour {unknown}
Potions
 c - 3 potions of invisibility
 e - a potion of flight {unknown}
 h - a potion of attraction {unknown}
 j - 2 potions of might {unknown}
 l - a potion of curing {unknown}
 n - a potion of degeneration {unknown}


   Skills:
 + Level 4.5 Fighting
 - Level 0.8 Short Blades
 - Level 1.5 Dodging
 - Level 3.6 Stealth
 * Level 7.2 Unarmed Combat
 - Level 2.1 Spellcasting
 - Level 3.0 Hexes


You had 11 spell levels left.
You didn't know any spells.
Your spell library contained the following spells:

 Spells                   Type           Power      Damage    Failure   Level
 Ensorcelled Hibernation  Hex/Ice        12%        N/A       19%         2
 Confusing Touch          Hex            10%        N/A       19%         3
 Tukima's Dance           Hex            10%        N/A       19%         3
 Apportation              Tloc           2%         N/A       22%         1
 Necrotise                Necr           4%         1d4       22%         1
 Summon Small Mammal      Summ           4%         N/A       22%         1
 Dazzling Flash           Conj/Hex       12%        N/A       34%         3
 Ozocubu's Armour         Ice            1%         N/A       54%         3
 Metabolic Englaciation   Hex/Ice        3%         N/A       97%         5
 Alistair's Intoxication  Tmut/Pois      0%         N/A       99%         5
 Simulacrum               Ice/Necr       0%         N/A       100%        6


Dungeon Overview and Level Annotations

Branches:
Dungeon (4/15)
 Temple: D:4-7

Altars:

Shops:
D:1 (

Annotations:
D:3 1 runed translucent door, vurker's ghost, amateur MiHu


Innate Abilities, Weirdness & Mutations

You have razor-sharp teeth.
Your natural rate of healing is unusually fast.
When hurt, damage is shared between your health and your magic reserves.
Your bite disrupts and absorbs the magic of your enemies.
Potions cannot restore your health.


Message History

Aim: a gnoll, wielding a +0 spear (covering ground quickly, 75% to hit)
The bolt of dispelling energy hits the gnoll!
You kill the gnoll!
The now-empty wand crumbles to dust.
Items here: )) [ ÷ †.
There is a stone staircase leading down, spattered with blood here.
You start resting.
You start resting.
You climb downwards.
The gnoll bouda barks out a call to the hunt!
The gnolls pick up the pace!
The gnoll completely misses you. The gnoll closely misses you.
The gnoll hits you with a +0 club. The gnoll barely misses you.
A gnoll comes into view. It is wielding a +0 halberd.
There is a stone staircase leading up here.
The gnoll hits you with a +0 club. The gnoll hits you but does no damage.
The gnoll hits you with a +0 club.
The gnoll hits you from afar with a +0 halberd.
You climb upwards.
Level annotation: 1 runed translucent door, vurker's ghost, amateur MiHu
There is a stone staircase leading down, spattered with blood here.
You hit the gnoll. The gnoll closely misses you.
The gnoll hits you with a +0 club. The gnoll hits you with a +0 flail.
You hit the gnoll. You bite the gnoll, but do no damage.
The gnoll hits you with a +0 club. x2; The gnoll closely misses you.
You hit the gnoll but do no damage. Your bite misses the gnoll.
The gnoll closely misses you. x2; The gnoll hits you with a +0 flail!
* * * LOW HITPOINT WARNING * * *
You hit the gnoll. The gnoll hits you with a +0 flail!
* * * LOW HITPOINT WARNING * * *
The gnoll misses you. The gnoll barely misses you.
You hit the gnoll. You bite the gnoll, but do no damage. The gnoll misses you.
The gnoll hits you with a +0 club.
* * * LOW HITPOINT WARNING * * *
The gnoll closely misses you.
You hit the gnoll. The gnoll closely misses you. The gnoll misses you.
The gnoll hits you with a +0 club.
* * * LOW HITPOINT WARNING * * *
Unknown command.
Unknown command.
You barely miss the gnoll. The gnoll hits you with a +0 flail.
* * * LOW HITPOINT WARNING * * *
The gnoll closely misses you. The gnoll hits you with a +0 club.
* * * LOW HITPOINT WARNING * * *
Unknown command.
You hit the gnoll but do no damage. The gnoll misses you.
The gnoll hits you with a +0 club.
* * * LOW HITPOINT WARNING * * *
The gnoll hits you with a +0 club.
You die...

##.#
#.................#
##.#
#..###.#.##########
##.# #..# #....#
##.# #..# ##.#.#
##.# #..# #..)#
...# #..# ##..##
##.# #..# #...#
##.## #..# ##.g#
#...# #..# #g@#
#...###..# ##g#
#........# #.#
#...##...# #.#
..####...# #.# ..#
#...# #.# ..# #...#
#.# ..####.).# #.#
.....#...# #.#


You could see 3 gnolls.

Vanquished Creatures
  Pikel (D:2)
  Grinder (D:3)
  A gnoll bouda (D:3)
  2 iguanas (D:3)
  An orc wizard (D:3)
  2 gnolls (D:3)
  4 adders
  3 worms
  3 dart slugs
  8 orcs (D:3)
  8 ball pythons
  7 endoplasms
  6 hobgoblins
  6 jackals (D:3)
  7 kobolds
  3 quokkas
  5 bats
  5 frilled lizards
  14 goblins
  6 rats
93 creatures vanquished.

Notes
Turn   | Place    | Note
-------+----------+-------------------------------------------
     0 | D:1      | vurker the Vine Stalker Enchanter began the quest for the
                  | Orb.
     0 | D:1      | Reached XP level 1. HP: 9/9 MP: 4/4
   277 | D:1      | Reached skill level 1 in Unarmed Combat
   479 | D:1      | Reached XP level 2. HP: 9/14 MP: 4/6
   783 | D:1      | Found Xiockae's Antique Weapon Shoppe.
   789 | D:1      | Reached skill level 1 in Fighting
   899 | D:1      | Reached skill level 2 in Unarmed Combat
   903 | D:1      | Reached XP level 3. HP: 18/18 MP: 7/7
  1237 | D:1      | Found a faded altar of an unknown god.
  1547 | D:2      | Gained mutation: Your natural rate of healing is unusually
                  | fast. [Vine Stalker growth]
  1547 | D:2      | Reached XP level 4. HP: 22/22 MP: 8/8
  1707 | D:2      | Reached skill level 3 in Unarmed Combat
  2518 | D:3      | Noticed Grinder
  2528 | D:3      | Killed Grinder
  2529 | D:3      | Reached skill level 4 in Unarmed Combat
  2529 | D:3      | Reached XP level 5. HP: 21/28 MP: 6/9
  2529 | D:3      | Reached XP level 6. HP: 24/32 MP: 6/10
  2703 | D:3      | Found a runed translucent door.
  2711 | D:3      | Noticed vurker's ghost (amateur MiHu)
  2812 | D:3      | Reached skill level 5 in Unarmed Combat
  3429 | D:4      | Noticed Pikel
  3559 | D:2      | Killed Pikel
  3560 | D:2      | Reached skill level 7 in Unarmed Combat
  3560 | D:2      | Reached XP level 7. HP: 17/38 MP: 5/11
  3560 | D:2      | Gained mutation: You have razor-sharp teeth. [Vine Stalker
                  | growth]
  3560 | D:2      | Reached XP level 8. HP: 19/42 MP: 5/12
  3792 | D:3      | Slain by a gnoll

Illustrated notes

Levels and vault maps discovered:
D:1:      dpeg_arrival_fog, layout_basic, serial_shops, shop,
          shapermc_ecumenical_altar_notcrosses
D:2:      layout_loops_ring, grunt_ministairs_6, supply_closet_lemuel,
          hangedman_abyss_or_decor_stabs, roderic_filled_cross
D:3:      layout_basic, ebering_ghost_sewer_d, uniq_grinder
D:4:      layout_rooms, minmay_temple_entry_gardened_gates,
          uniq_crazy_yiuf_cottage, uniq_pikel

Skill      XL: |  1  2  3  4  5  6 |
---------------+-------------------+-----
Unarmed Combat | 1 2 4 7 |  7.2
Fighting       | 1 3 4 |  4.5
Short Blades   | |  0.8
Dodging        | |  1.5
Stealth        | |  3.6
Spellcasting   | |  2.1
Hexes          | |  3.0

Action                   |  1- 3 |  4- 6 |  7- 9 || total
-------------------------+-------+-------+-------++-------
Melee: Dagger            |    89 |   214 |    17 ||   320
       Bite              |    15 |    73 |     5 ||    93
       Punch             |       |     7 |     1 ||     8
Evoke: Wand              |       |     2 |     3 ||     5
  Use: Scroll            |     2 |     4 |       ||     6
       Potion            |       |     1 |       ||     1
 Stab: Sleeping          |     7 |     7 |       ||    14
       Invisible         |       |     3 |       ||     3
       Distracted        |       |     1 |       ||     1
Armor: Robe              |    18 |    56 |     4 ||    78
Dodge: Dodged            |    45 |   157 |    28 ||   230

Table legend: (Time is in decaauts)
 A = Elapsed time spent in this place.
 B = Non-inter-level travel time spent in this place.
 C = Inter-level travel time spent in this place.
 D = Time resting spent in this place.
 E = Time spent auto-exploring this place.
 F = Levels seen in this place.
 G = Mean time per level.
                   A        B        C        D        E       F      G
               +--------+--------+--------+--------+--------+-----+--------+
         Total |   3785 |   3548 |    237 |    155 |   2608 |   4 |  946.2 |
       Dungeon |   3785 |   3548 |    237 |    155 |   2608 |   4 |  946.2 |
               +--------+--------+--------+--------+--------+-----+--------+

Top non-repeatable levels by time:
     D:1: 1432 daAuts
     D:3: 1372 daAuts
     D:2: 965 daAuts
     D:4: 15 daAuts
